[Event "Live Chess"]
[Site "Chess.com"]
[Date "2023.05.20"]
[Round "-"]
[White "chessfiction"]
[Black "Pandreq"]
[Result "1-0"]
[WhiteElo "2429"]
[BlackElo "1282"]
[TimeControl "300"]
[EndTime "13:17:49 PDT"]
[Termination "chessfiction won by checkmate"]

1. e4 Nf6 2. e5 Nd5 3. Nc3 Nxc3 4. dxc3 Nc6 5. Bc4 Nxe5 6. Bb3 e6 7. Nf3 Nxf3+ 8. Qxf3 d5 9. Be3 c5 10. O-O-O Bd7 11. Rxd5 exd5 12. Bxd5 Be6 13. Bxb7 Rb8 14. Rd1 Qb6 15. Bc6+ Ke7 16. Qf4 Qxb2+ 17. Kd2 Rd8+ 18. Ke2 Qxc2+ 19. Rd2 Qf5 20. Qc7+ Bd7 21. g4 Qe6 22.
Bd5 Qa6+ 23. c4 Qd6 24. Bxc5 Qxc5 25. Qxc5+ Ke8 26. Qxa7 Bxg4+ 27. f3 Bf5 28. Qxf7# 1-0

[Event "Live Chess"]
[Site "Chess.com"]
[Date "2023.05.20"]
[Round "-"]
[White "ameetghasi100"]
[Black "omisoc"]
[Result "1-0"]
[WhiteElo "2686"]
[BlackElo "2156"]
[TimeControl "300"]
[EndTime "13:17:52 PDT"]
[Termination "ameetghasi100 won by resignation"]

1. c4 e6 2. Nc3 d5 3. e3 Nf6 4. Nf3 Be7 5. b3 b6 6. Bb2 Bb7 7. Qc2 Nbd7 8. Be2 O-O 9. cxd5 exd5 10. Nd4 Re8 11. Nf5 Bf8 12. O-O g6 13. Nd4 c5 14.
Nf3 d4 15. exd4 cxd4 16. Nxd4 Nc5 17. Nf3 Rc8 18. Rfe1 Bg7 19. Rad1 Qd7 20. d4 Nce4 21. Ne5 Qc7 22. Bc4 Nd6 23. Ba3 Nxc4 24. bxc4 Nd7 25. Nb5 Qd8 26. Nd6 1-0

[Event "Live Chess"]
[Site "Chess.com"]
[Date "2023.05.20"]
[Round "-"]
[White "fso"]
[Black "SiDebanks"]
[Result "1-0"]
[WhiteElo "2263"]
[BlackElo "1372"]
[TimeControl "300"]
[EndTime "13:17:53 PDT"]
[Termination "fso won on time"]

1. e4 c6 2. d4 d5 3. Nd2 dxe4 4. Nxe4 Nf6 5. Qe2 Bf5 6. Nxf6+ gxf6 7. Nf3 Nd7 8. h3 Bg7 9. Nh4 Bg6 10. c3 O-O 11.
Nxg6 fxg6 12. Qe6+ Kh8 13. Bc4 Nb6 14. Bb3 Nd5 15. O-O Qd6 16. Qxd6 exd6 17. Bxd5 cxd5 18. Re1 Rae8 19. Bd2 Re4 20. f3 Ree8 21. Bf4 Kg8 22. Bxd6 Rxe1+ 23. Rxe1 Rf7 24. Re8+ Bf8 25. Rd8 Kg7 26.
Bxf8+ Rxf8 27. Rxd5 Rf7 28. Kf2 Re7 29. c4 f5 30. c5 Rc7 31. b4 a6 32. a4 Kf6 33.
Rd6+ Kf7 34. d5 Ke7 35. Rb6 Rd7 36. c6 bxc6 37. dxc6 Rc7 38. Rxa6 Kd6 39. b5 1-0

[Event "Live Chess"]
[Site "Chess.com"]
[Date "2023.05.20"]
[Round "-"]
[White "EdenHazard8"]
[Black "Olisingapore"]
[Result "1-0"]
[WhiteElo "2091"]
[BlackElo "1880"]
[TimeControl "300"]
[EndTime "13:17:54 PDT"]
[Termination "EdenHazard8 won on time"]

1. e4 c5 2. Nc3 d6 3. f4 g6 4. Nf3 Bg7 5. Bc4 Nc6 6. O-O e6 7. d3 Nge7 8. Qe1 d5 9. Bb3 Nd4 10.
Qh4 O-O 11. f5 exf5 12. exd5 Nxb3 13. axb3 Nxd5 14. Bg5 Qd6 15. Bh6 Nxc3 16. bxc3 Bxc3 17. Bxf8 Qxf8 18. Rad1 b5 19. d4 a5 20. d5 a4 21. d6 a3 22. Qe7 a2 23. Ra1 Bxa1 24. Rxa1 Be6 25. Ne5 c4 26. b4 Qxe7 27. dxe7 c3 28.
Nc6 Re8 29. Nd4 Bc4 30. Nc6 Bd5 31. Nd4 Rxe7 32. Nxb5 Rb7 33. Nxc3 Rxb4 34. Nxa2 Ra4 35. Rd1 Bxa2 36. Ra1 Kf8 37. Kf2 Ke7 38. Ke3 Kd6 39. Kd2 Kc5 40. Kc3 Kb5 41. Re1 Be6 42. Rb1+ Kc5 43. Re1 Ra3+ 44. Kd2 Kd4 45. Rb1 Ra4 46. c3+ Kc4 47. Rb2 Ra3 48. Rb8 Rxc3 49. Rb7 Kd4 50.
Rb6 Rc4 51. Rd6+ Ke5 52. Rb6 Ra4 53. Rb5+ Kf6 54. Rb2 Rh4 55. h3 Rd4+ 56. Ke3 Rd5 57. Rf2 Ra5 58. g4 Ra3+ 59. Kf4 fxg4 60. Ke4+ Kg7 61.
hxg4 Ra4+ 62. Ke5 Rxg4 63. Kd6 Rg5 64. Ke7 Rd5 65. Ke8 1-0

[Event "Live Chess"]
[Site "Chess.com"]
[Date "2023.05.20"]
[Round "-"]
[White "toog"]
[Black "tuppyglossop"]
[Result "1-0"]
[WhiteElo "2614"]
[BlackElo "1605"]
[TimeControl "300"]
[EndTime "13:18:06 PDT"]
[Termination "toog won by resignation"]

1. e4 e6 2. d4 d5 3. Nd2 c5 4.
Ngf3 cxd4 5. Nxd4 Nc6 6. Bb5 Bd7 7. Nxc6 Bxc6 8. Qe2 Bxb5 9. Qxb5+ Qd7 10. Qxd7+ Kxd7 11. exd5 exd5 12. Nb3 Nf6 13. Be3 Bb4+ 14. c3 Bd6 15. f3 Rhe8 16. Kd2 a5 17. a4 h6 18. Bd4 Be5 19.
Rae1 Bxd4 20. Nxd4 Nh5 21. g3 Nf6 22. Kd3 g6 23. Nc2 Kd6 24. Na3 Kc5 25. Nb5 Rac8 26. Rb1 Nd7 27. b4+ axb4 28. cxb4+ Kb6 29. Nd6 Ne5+ 30.
Kd2 Nc4+ 31. Nxc4+ Rxc4 32. Rhc1 Rec8 33. Rxc4 Rxc4 34.
Kd3 Kc6 35. Rb3 f5 36. Rc3 Rxc3+ 37. Kxc3 b6 38. Kd4 Kd6 39. a5 bxa5 40. bxa5 1-0

[Event "Live Chess"]
[Site "Chess.com"]
[Date "2023.05.20"]
[Round "-"]
[White "Bob2pen"]
[Black "JormaIbo"]
[Result "1-0"]
[WhiteElo "1835"]
[BlackElo "420"]
[TimeControl "300"]
[EndTime "13:18:09 PDT"]
[Termination "Bob2pen won by checkmate"]

1. e4 e5 2. Nf3 Nc6 3. Bb5 a6 4. Ba4 Nf6 5. O-O Be7 6. Re1 O-O 7. c3 b5 8. Bb3 d5 9. d4 exd4 10. exd5 Na5 11. Nxd4 Nxb3 12. axb3 Nxd5 13. Nc6 Qd7 14. Qxd5 Re8 15. Qxd7 Bxd7 16. Nxe7+ Kh8 17. Bf4 c6 18. Nd2 g6 19. Be5+ f6 20. Bxf6# 1-0

[Event "Live Chess"]
[Site "Chess.com"]
[Date "2023.05.20"]
[Round "-"]
[White "diana21strabt"]
[Black "therealab0ne"]
[Result "1-0"]
[WhiteElo "1683"]
[BlackElo "704"]
[TimeControl "300"]
[EndTime "13:18:10 PDT"]
[Termination "diana21strabt won by resignation"]

1. e4 c5 2. Nf3 Nc6 3. d4 cxd4 4. Nxd4 Nf6 5. Nc3 g6 6. Be3 Bg7 7. Bc4 e6 8. O-O d5 9. exd5 exd5 10. Nxc6 bxc6 11.
Bb3 O-O 12. Bd4 Re8 13. h3 Bxh3 14. gxh3 Ne4 15. Bxg7 Kxg7 16. Qd4+ Qf6 17. Qxf6+ Nxf6 18. Rae1 Rxe1 19. Rxe1 Re8 20. Rxe8 Nxe8 21. Ba4 f5 22.
Bxc6 Nf6 23. Bxd5 Nxd5 24. Nxd5 g5 25. Ne3 Kg6 26. Kg2 g4 27. hxg4 fxg4 28. Nxg4 h5 29. Ne5+ Kg5 30. Kg3 h4+ 31. Kh3 1-0

[Event "Live Chess"]
[Site "Chess.com"]
[Date "2023.05.20"]
[Round "-"]
[White "mightysmasher"]
[Black "rideuv21"]
[Result "0-1"]
[WhiteElo "2108"]
[BlackElo "1828"]
[TimeControl "300"]
[EndTime "13:18:19 PDT"]
[Termination "rideuv21 won by resignation"]

1. e4 c5 2. c3 Nf6 3. e5 Nd5 4. d4 cxd4 5. cxd4 d6 6. Nf3 Nc6 7. Bc4 e6 8. Bxd5 exd5 9. exd6 Bxd6 10. O-O O-O 11. Nc3 Bg4 12. Be3 Bc7 13. h3 Bh5 14.
g3 a6 15. Kg2 Re8 16. g4 Bg6 17. Re1 h5 18. Qb3 hxg4 19. hxg4 Qc8 20. Nxd5 Qxg4+ 21. Kf1 Ba5 22. Ne5 Nxe5 23. dxe5 Bxe1 24. Rxe1 Qh3+ 25.
Ke2 Be4 26. Nf6+ gxf6 27. Rg1+ Bg2 28. Qxb7 Qg4+ 29. Ke1 Bxb7 30. Rxg4+ Kh7 31. exf6 Re6 32. Rg7+ Kh8 33. Rxf7 Bd5 34. Kf1 Rxe3 35. fxe3 Bxf7 0-1

[Event "Live Chess"]
[Site "Chess.com"]
[Date "2023.05.20"]
[Round "-"]
[White "Richardallis"]
[Black "Doge_Dandolo"]
[Result "1-0"]
[WhiteElo "1867"]
[BlackElo "2017"]
[TimeControl "300"]
[EndTime "13:18:19 PDT"]
[Termination "Richardallis won by resignation"]

1. d4 d5 2. Nf3 Nf6 3. Bg5 Ne4 4. Bf4 c6 5. c3 Bf5 6. Nbd2 e6 7. e3 Nd7 8. Nxe4 Bxe4 9. Bd3 Nf6 10. Bxe4 Nxe4 11. O-O f5 12. Ne5 Qf6 13. a4 Bd6 14. Qb3 Qe7 15. a5 g5 16. Bg3 h5 17. h3 g4 18. h4 Nxg3 19. fxg3 Bxe5 20. dxe5 Qc7 21.
Qb4 Rh7 22. Qf4 O-O-O 23. b4 a6 24. c4 dxc4 25. Rac1 Rd5 26. Rxc4 Qxe5 27. Qg5 Qg7 28. Qf4 Qe5 29. Qg5 Qxe3+ 30. Qxe3 1-0

[Event "Live Chess"]
[Site "Chess.com"]
[Date "2023.05.20"]
[Round "-"]
[White "Leonid_Starozhilov"]
[Black "noobsmoker24"]
[Result "1-0"]
[WhiteElo "2637"]
[BlackElo "1363"]
[TimeControl "300"]
[EndTime "13:18:21 PDT"]
[Termination "Leonid_Starozhilov won by resignation"]

1. b3 e5 2. Bb2 Nc6 3. e3 d5 4.
Bb5 f6 5. c4 Be6 6. cxd5 Bxd5 7.
Nf3 Ne7 8. Nc3 Be6 9. d4 exd4 10.
Nxd4 Bd7 11. Nxc6 Nxc6 12. O-O Bd6 13. Ne4 Qe7 14. Nxd6+ Qxd6 15. Qxd6 cxd6 16. Rfd1 1-0

[Event "Live Chess"]
[Site "Chess.com"]
[Date "2023.05.20"]
[Round "-"]
[White "friarnator"]
[Black "Trendle"]
[Result "0-1"]
[WhiteElo "1987"]
[BlackElo "2673"]
[TimeControl "300"]
[EndTime "13:18:25 PDT"]
[Termination "Trendle won by checkmate"]

1. e4 e5 2. Nf3 Nc6 3. Bb5 a6 4. Ba4 Nf6 5. O-O b5 6. Bb3 Be7 7. Re1 O-O 8. c3 d5 9. exd5 Nxd5 10. Nxe5 Nxe5 11. Rxe5 c6 12. d3 Bd6 13. Re1 Qh4 14. g3 Qh3 15. Re4 Bd7 16. Nd2 Nf6 17. Rh4 Qf5 18. Qf3 Rae8 19. Qxf5 Bxf5 20. Nf3 Bxd3 21.
Rd4 Be2 22. Rxd6 Bxf3 23. Bf4 Nd5 24. Bxd5 Bxd5 25. Be3 Re4 26. a4 bxa4 27. Bd4 Rfe8 28. Kf1 h5 29. Rxa4 Re1# 0-1

[Event "Live Chess"]
[Site "Chess.com"]
[Date "2023.05.20"]
[Round "-"]
[White "Hacker_2009"]
[Black "gmnorfolk"]
[Result "0-1"]
[WhiteElo "1908"]
[BlackElo "2072"]
[TimeControl "300"]
[EndTime "13:18:25 PDT"]
[Termination "gmnorfolk won by resignation"]

1. d4 Nf6 2. Nf3 d5 3. e3 g6 4.
c4 Bg7 5. Nc3 O-O 6. Be2 c5 7.
O-O cxd4 8. Nxd4 Nc6 9. cxd5 Nxd5 10. Nxd5 Qxd5 11. Bf3 Qc5 12. Nxc6 bxc6 13. Rb1 Be6 14. b3 Rfd8 15. Qe2 Rac8 16. Bb2 Qb5 17. Bxg7 Kxg7 18. Rbc1 Qxe2 19. Bxe2 Rd2 20. Bf3 c5 21. a4 Bxb3 22. a5 c4 23. a6 c3 24. Bb7 Rc5 25. Rb1 c2 26. Rxb3 c1=Q 0-1

[Event "Live Chess"]
[Site "Chess.com"]
[Date "2023.05.20"]
[Round "-"]
[White "Bot_Boy"]
[Black "Nazar_777"]
[Result "0-1"]
[WhiteElo "330"]
[BlackElo "1575"]
[TimeControl "300"]
[EndTime "13:18:26 PDT"]
[Termination "Nazar_777 won by checkmate"]

1. e4 e6 2. Nf3 a6 3. d4 h5 4. Bd3 c5 5. Na3 cxd4 6. Nc4 Nc6 7. e5 b5 8. Nd6+ Bxd6 9. exd6 Nf6 10. Bg5 Nb4 11. Be2 Qb6 12. Bxf6 gxf6 13. O-O Qxd6 14.
a3 Nd5 15. Qxd4 Bb7 16. c4 bxc4 17. Bxc4 Qc7 18. Bxd5 Bxd5 19. Nd2 Rg8 20. f3 Qb7 21. Ne4 Bxe4 22. Qxe4 Qxe4 23. fxe4 Ke7 24. b4 Rg4 25.
Rae1 Rh8 26. a4 Rhg8 27. b5 Rxg2+ 28. Kh1 Ra2 29. b6 Rgg2 30. Rg1 Rxh2# 0-1

[Event "Live Chess"]
[Site "Chess.com"]
[Date "2023.05.20"]
[Round "-"]
[White "NatashaRegan"]
[Black "BillythekidFellowes"]
[Result "0-1"]
[WhiteElo "1804"]
[BlackElo "2039"]
[TimeControl "300"]
[EndTime "13:18:30 PDT"]
[Termination "BillythekidFellowes won by resignation"]

1. Nf3 Nc6 2. d4 d5 3. c4 e6 4.
Nc3 Nf6 5. Bg5 Be7 6. e3 h6 7.
Bh4 Ne4 8. Bxe7 Qxe7 9. Nxe4 dxe4 10. Nd2 f5 11. d5 Ne5 12. Be2 O-O 13. O-O Bd7 14.
Qb3 Rad8 15. Qb6 axb6 0-1

[Event "Live Chess"]
[Site "Chess.com"]
[Date "2023.05.20"]
[Round "-"]
[White "Tema1107"]
[Black "xx_blindpuffin_xx"]
[Result "1-0"]
[WhiteElo "1982"]
[BlackElo "2192"]
[TimeControl "300"]
[EndTime "13:18:43 PDT"]
[Termination "Tema1107 won by resignation"]

1. c4 e6 2. Nc3 d5 3. cxd5 exd5 4. Nf3 c6 5. g3 Bd6 6. Bg2 Ne7 7. O-O O-O 8. e4 dxe4 9. Nxe4 Bc7 10. d4 Nd5 11. Re1 Bf5 12. Nc3 Nxc3 13. bxc3 Nd7 14. h3 h6 15. Ba3 Re8 16. Qb3 Nb6 17. Rxe8+ Qxe8 18. Re1 Qd7 19. Re7 Qxe7 20. Bxe7 Re8 21. Bc5 Re2 22. Ne5 Re1+ 23. Kh2 Be6 24. Qb4 Nd5 25. Qxb7 Ba5 26. Qxc6 Nxc3 27. d5 Nxd5 28. Bxd5 Rxe5 29. Bxe6 Rxe6 30.
Qa8+ Kh7 31. Qxa7 Be1 32. Qxf7 Rf6 33. Qc4 Bxf2 34. Qc2+ 1-0

[Event "Live Chess"]
[Site "Chess.com"]
[Date "2023.05.20"]
[Round "-"]
[White "MrBlond89"]
[Black "Duke_of_Bebington"]
[Result "1-0"]
[WhiteElo "1394"]
[BlackElo "1587"]
[TimeControl "300"]
[EndTime "13:18:44 PDT"]
[Termination "MrBlond89 won by checkmate"]

1. e4 e5 2. Nf3 Nf6 3. Nxe5 d6 4.
Nf3 Nxe4 5. d3 Nf6 6. Be2 Be7 7. Nc3 d5 8. Bg5 Be6 9. Qd2 h6 10. Bxf6 Bxf6 11. d4 O-O 12. O-O-O Bg4 13. h4 Nc6 14. Qf4 Bxf3 15. gxf3 Re8 16. Rdg1 Nxd4 17. Qxh6 Nxe2+ 18. Nxe2 Rxe2 19. Rxg7+ Bxg7 20. Rg1 Qb8 21. Qxg7# 1-0

[Event "Live Chess"]
[Site "Chess.com"]
[Date "2023.05.20"]
[Round "-"]
[White "weibs440"]
[Black "EdvancedChess"]
[Result "1-0"]
[WhiteElo "929"]
[BlackElo "1870"]
[TimeControl "300"]
[EndTime "13:18:46 PDT"]
[Termination "weibs440 won by resignation"]

1. e4 e5 2. Nc3 Nc6 3. Bc4 Nf6 4.
d3 Bb4 5. f4 O-O 6. Nf3 d6 7.
O-O h6 8. f5 d5 9. Nxd5 Nxd5 10. Bxd5 Ne7 11. Bb3 Bc5+ 12. Kh1 Nc6 13. a4 a6 14. Qe1 Kh8 15. Qg3 f6 16. Qh3 Qe7 17. Nh4 1-0

[Event "Live Chess"]
[Site "Chess.com"]
[Date "2023.05.20"]
[Round "-"]
[White "KGreenGator"]
[Black "seabuck"]
[Result "0-1"]
[WhiteElo "1781"]
[BlackElo "1868"]
[TimeControl "300"]
[EndTime "13:18:47 PDT"]
[Termination "seabuck won by checkmate"]

1. c4 e6 2. Nc3 d5 3. cxd5 exd5 4. d4 Nf6 5. Bd2 c6 6. Nf3 Bf5 7. e3 Bd6 8. h3 Nbd7 9. a3 Ne4 10. Be2 Ndf6 11. O-O O-O 12. b4 a5 13. b5 Nxc3 14.
Bxc3 Qb6 15. bxc6 Qxc6 16. Be1 Rfc8 17. a4 Ne4 18. Bb5 Qc2 19. Qxc2 Rxc2 20. Nh4 Be6 21. Nf3 b6 22. Ne5 Rac8 23. Nd3 Nd2 24. Bxd2 Rxd2 25. Rfd1 Rdc2 26. Rac1 Bf5 27. Rxc2 Rxc2 28. Ne1 Rc3 29. Kf1 Kf8 30. Ke2 Ke7 31. Kd2 Bb4 32. Ke2 Kd6 33. Nd3 Rc2+ 34. Kf3 Bxd3 35. Bxd3 Rc3 36. Bxh7 g6 37. Ra1 Ke7 38. h4 Kf6 39. h5 Kg7 40. hxg6 fxg6 41. Bxg6 Kxg6 42. Kf4 Rc2 43. Rf1 Bd6+ 44.
Kf3 Rc4 45. Rb1 Rb4 46. Rxb4 axb4 47. Ke2 Kf5 48. Kd3 Kg4 49. f4 Kg3 50. f5 Kxg2 51. e4 dxe4+ 52. Kxe4 Kg3 53. f6 Kg4 54. f7 Kg5 55. Kd5 Bf8 56. Kc4 Kf6 57. d5 Kxf7 58. Kb3 Kf6 59. Kc4 Ke5 60. Kb3 Kxd5 61. Kb2 Kc4 62.
Ka2 Bg7 63. Kb1 b3 64. Kc1 Kb4 65. Kb1 Kxa4 66. Kc1 Ka3 67. Kb1 b5 68. Kc1 Ka2 69. Kd2 b2 70. Kd3 b1=Q+ 71. Ke3 Qf5 72. Kd2 Be5 73. Ke3 Qf4+ 74. Ke2 Bd4 75. Kd3 Qe3+ 76. Kc2 Qc3+ 77. Kd1 Kb2 78. Ke2 Kc2 79. Kf1 b4 80.
Kg2 Qe3 81. Kf1 Qf2# 0-1

[Event "Live Chess"]
[Site "Chess.com"]
[Date "2023.05.20"]
[Round "-"]
[White "fretle"]
[Black "GMHarry-youtube"]
[Result "1-0"]
[WhiteElo "1860"]
[BlackElo "2096"]
[TimeControl "300"]
[EndTime "13:18:47 PDT"]
[Termination "fretle won by resignation"]

1. f4 e5 2. fxe5 d6 3. exd6 Bxd6 4. Nf3 Bg4 5. g3 h5 6. d4 h4 7. Rg1 hxg3 8. hxg3 Nf6 9. Bg5 Qd7 10. Bxf6 gxf6 11. Qd3 Nc6 12. c3 O-O-O 13. Nbd2 Bf5 14. e4 Bg6 15. O-O-O Rde8 16. Kb1 f5 17. Ng5 fxe4 18. Ngxe4 Qg4 19. Re1 f5 20. Nxd6+ cxd6 21. Rxe8+ Rxe8 22. Bg2 f4 23. Be4 Bxe4 24. Nxe4 f3 25. Nxd6+ Kd7 26.
Nxe8 Kxe8 27. Re1+ Kd8 28. Qe4 Qxg3 29. Qe8+ Kc7 30.
Qf7+ Kb6 31. Rf1 f2 32. Qxf2 Qd3+ 33. Ka1 a5 34. d5+ Ka6 35. dxc6 bxc6 36. Re1 a4 37. Qe2 Qxe2 38. Rxe2 a3 39. bxa3 Kb5 40. Kb2 c5 41. Kb3 c4+ 42. Kb2 Ka4 43. Re4 Kb5 44. a4+ Ka5 45. Rxc4 Kb6 46. Rh4 Ka5 47. Kb3 Kb6 48.
Kb4 Ka6 49. Rh5 Kb7 50. Rb5+ Ka6 51. c4 Ka7 52. c5 Ka6 53. c6 Ka7 54. c7 Ka6 1-0

[Event "Live Chess"]
[Site "Chess.com"]
[Date "2023.05.20"]
[Round "-"]
[White "1600x"]
[Black "ExIsambard"]
[Result "1-0"]
[WhiteElo "1775"]
[BlackElo "1978"]
[TimeControl "300"]
[EndTime "13:18:48 PDT"]
[Termination "1600x won by resignation"]

1. d4 Nf6 2. Nc3 e5 3. dxe5 Ng4 4. Bf4 Nc6 5. Nf3 Bc5 6. Qd3 Nxf2 7. Qd5 Bb6 8. Rg1 Nb4 9. Qd2 O-O 10. e3 Ng4 11.
O-O-O f6 12. Bc4+ Kh8 13. exf6 Nxf6 14. g4 d6 15. a3 Nc6 16. g5 Nh5 17. h4 Bf5 18. Bd5 Rb8 19. Nd4 Nxd4 20. exd4 Nxf4 21. Qxf4 Bxc2 22. Qg3 Bxd1 23. Rxd1 Qd7 24. Be4 Rbe8 25. d5 Qf7 26. g6 hxg6 27. Bxg6 Qf4+ 28. Qxf4 Rxf4 29.
Bxe8 Rxh4 30. Bg6 Rg4 31. Bf5 Rg2 32. Kb1 a5 33. Bc8 Bd4 34. Rxd4 1-0

[Event "Live Chess"]
[Site "Chess.com"]
[Date "2023.05.20"]
[Round "-"]
[White "DmitryVasliev"]
[Black "JohanKjeldahl"]
[Result "0-1"]
[WhiteElo "1676"]
[BlackElo "1844"]
[TimeControl "300"]
[EndTime "13:18:49 PDT"]
[Termination "JohanKjeldahl won on time"]

1. d4 Nf6 2. Bf4 d6 3. e3 g6 4. h3 Bg7 5. Bh2 O-O 6. c3 c5 7. Nf3 Nc6 8. Be2 cxd4 9. exd4 Bd7 10.
O-O a6 11. Nbd2 Rc8 12. Re1 Qb6 13. Nc4 Qc7 14. a4 Be6 15. Ne3 Bd7 16. Bd3 Qd8 17. b4 d5 18. b5 axb5 19. axb5 Nb8 20. Ne5 e6 21. Qd2 Ne4 22. Bxe4 dxe4 23. Reb1 f6 24.
N5c4 f5 25. Nd6 f4 26. Nec4 Bh6 27. Qe2 e3 28. Nxc8 Qxc8 29. Ne5 Qxc3 30. f3 Qxd4 31. Rd1 Qxe5 32. Rab1 Rc8 33. Rb3 Rc5 0-1

[Event "Live Chess"]
[Site "Chess.com"]
[Date "2023.05.20"]
[Round "-"]
[White "Stanbad1"]
[Black "bristolunichess"]
[Result "1-0"]
[WhiteElo "2422"]
[BlackElo "1810"]
[TimeControl "300"]
[EndTime "13:19:16 PDT"]
[Termination "Stanbad1 won by resignation"]

1. d4 Nf6 2. Bg5 d6 3. Bxf6 exf6 4. c4 Be7 5. Nc3 O-O 6. e3 c6 7. g3 h6 8. Bg2 Bf5 9. Nge2 Re8 10. O-O Na6 11.
Qb3 Qc7 12. h3 Bf8 13. Rfd1 Rad8 14. g4 Bg6 15. Nf4 Bh7 16. d5 Nc5 17. Qa3 Qb6 18. b4 Ne4 19. dxc6 Nxf2 20. Ncd5 Qa6 21. Qxa6 bxa6 22.
Kxf2 Be4 23. Bxe4 Rxe4 24. Rac1 Rc8 25. b5 axb5 26. cxb5 Ra4 27. Rc2 a6 28. Nb6 Rxf4+ 29. exf4 Rc7 30. Nd5 Rc8 31. b6 1-0

[Event "Live Chess"]
[Site "Chess.com"]
[Date "2023.05.20"]
[Round "-"]
[White "OSmith06"]
[Black "TheSmoulderingMaster"]
[Result "0-1"]
[WhiteElo "1653"]
[BlackElo "1745"]
[TimeControl "300"]
[EndTime "13:19:22 PDT"]
[Termination "TheSmoulderingMaster won by resignation"]

1. e4 c5 2. Nf3 d6 3. d4 cxd4 4. Nxd4 Nf6 5. Nc3 g6 6. Be3 Bg7 7. f3 O-O 8. Qd2 Nc6 9. g4 Ne5 10. Be2 Be6 11. Nxe6 fxe6 12. g5 Nh5 13. f4 Nc6 14.
Bxh5 gxh5 15. h4 Qa5 16. a3 e5 17. f5 Nd4 18. O-O-O Rac8 19. Bxd4 exd4 20. Nd5 Qb5 21.
Nxe7+ Kh8 22. Nxc8 Rxc8 23. f6 Bf8 24. Qxd4 Qb3 25.
Qd3 Qa2 26. Qd4 Qb3 27. c3 Rc4 28. Qd3 d5 29. exd5 Bxa3 30. Rd2 Rxc3+ 31. Rc2 Qxb2+ 32. Kd2 Rxd3+ 33. Kxd3 Qb3+ 34. Rc3 Qxd5+ 35. Kc2 Qe4+ 36. Kb3 Qb4+ 37. Kc2 Qb2+ 38. Kd3 Qb5+ 39. Kc2 Qf5+ 40. Kb3 Bd6 41. Rhc1 Qd5+ 42. Kb2 Be5 43. Kb1 Qb5+ 44.
Ka2 Bxc3 45. Rxc3 Qa4+ 46. Kb2 Qd4 47. Kb3 Qd5+ 48. Rc4 b5 49. f7 0-1

[Event "Live Chess"]
[Site "Chess.com"]
[Date "2023.05.20"]
[Round "-"]
[White "Nazar_777"]
[Black "noobsmoker24"]
[Result "1-0"]
[WhiteElo "1579"]
[BlackElo "1359"]
[TimeControl "300"]
[EndTime "13:19:22 PDT"]
[Termination "Nazar_777 won by checkmate"]

1. e3 e5 2. h4 d5 3. a3 c5 4. c4 Nf6 5. cxd5 Nxd5 6. Nc3 Nc6 7.
Be2 Be6 8. Qc2 Be7 9. Nf3 O-O 10. Ng5 Qd7 11. Qxh7# 1-0

[Event "Live Chess"]
[Site "Chess.com"]
[Date "2023.05.20"]
[Round "-"]
[White "McSlash1"]
[Black "luckywookie"]
[Result "1-0"]
[WhiteElo "2045"]
[BlackElo "744"]
[TimeControl "300"]
[EndTime "13:20:00 PDT"]
[Termination "McSlash1 won by resignation"]

1. e4 c6 2. d4 d5 3. Nd2 c5 4. exd5 cxd4 5. Bc4 e6 6. dxe6 Bxe6 7. Ngf3 Bxc4 8.
Nxc4 Nc6 9. O-O Be7 10. Re1 Nf6 11. Nce5 Nxe5 12. Rxe5 O-O 13. Qxd4 Re8 14. Qxd8 Raxd8 15. Bg5 b6 16. Rae1 Rd6 17. Rxe7 Re6 18. Rxe8+ Nxe8 19. Rxe6 fxe6 20. Nd4 Kf7 21. Be3 Nd6 22. Nc6 a5 23. Bxb6 Kf6 24. Bxa5 e5 25. Bc3 Nf7 26. a4 Ke6 27. a5 Kd5 28. Nb4+ Kc4 29. a6 Nd6 30. a7 Nb5 31. a8=Q 1-0

[Event "Live Chess"]
[Site "Chess.com"]
[Date "2023.05.20"]
[Round "-"]
[White "ameetghasi100"]
[Black "diana21strabt"]
[Result "1-0"]
[WhiteElo "2686"]
[BlackElo "1683"]
[TimeControl "300"]
[EndTime "13:20:03 PDT"]
[Termination "ameetghasi100 won by resignation"]

1. d4 Nf6 2. Bg5 Ne4 3. Bf4 g5 4. Bc1 d5 5. c4 dxc4 6. Nc3 Nxc3 7. bxc3 e6 8. e4 c5 9. Bxc4 cxd4 10. cxd4 Bb4+ 11.
Bd2 Qa5 12. Nf3 g4 13. Bxb4 Qxb4+ 14. Nd2 Nc6 15. O-O Qd6 16. d5 Qxh2+ 17. Kxh2 1-0

[Event "Live Chess"]
[Site "Chess.com"]
[Date "2023.05.20"]
[Round "-"]
[White "Tilbs_12"]
[Black "LodeshChess"]
[Result "0-1"]
[WhiteElo "1545"]
[BlackElo "1068"]
[TimeControl "300"]
[EndTime "13:20:04 PDT"]
[Termination "LodeshChess won on time"]

1. e4 c6 2. d4 d5 3. exd5 cxd5 4. c4 Nf6 5. Nc3 Nc6 6. Nf3 g6 7. Bg5 Bg7 8. Bxf6 Bxf6 9. cxd5 Nb4 10. a3 Nxd5 11. Be2 Qa5 12. Qa4+ Qxa4 13. Nxa4 O-O 14.
O-O Bg4 15. Rfd1 e6 16. Nc3 Nxc3 17. bxc3 Rac8 18. c4 Bxf3 19. gxf3 Rfd8 20. Rab1 b6 21. d5 exd5 22. cxd5 Rc5 23. d6 Rg5+ 24. Kf1 Be5 25. Rd5 Rxd6 26. Rxd6 Bxd6 27. h3 Bh2 28. Ke1 Rg1+ 29.
Bf1 Be5 30. Rd1 Kg7 31. Rd7 a5 32. Rd5 Bc3+ 33. Ke2 Bb2 34. a4 Ba3 35. Rb5 Bc5 36. Rb3 Rh1 37. f4 Rh2 38. Rf3 h5 39. Ke1 Rh1 40.
Ke2 Rg1 41. Rd3 g5 42. fxg5 Rxg5 43. Kf3 Rf5+ 44. Ke4 Rxf2 45. Rg3+ Kh6 46. Bb5 Rb2 47. Kd5 Rd2+ 48. Kc6 Rd6+ 49. Kc7 Rg6 50. Rf3 f6 51. Be8 Rg8 52. Rxf6+ Kg5 53. Rf3 Rxe8 54. Rg3+ Kh6 55. Rg2 Re3 56. h4 Rh3 57. Rg8 Rxh4 58. Rh8+ Kg5 59.
Kc6 Rxa4 60. Kb5 Rb4+ 61. Ka6 h4 62. Rg8+ Kf4 63. Re8 Kg3 64. Re1 h3 65. Rd1 Kg2 66. Rd2+ Kg3 67. Rd3+ Kg4 68. Rd8 h2 69. Rg8+ Kh3 70.
Rh8+ Kg3 71. Rh7 Rh4 72. Rg7+ Kh3 73. Rg3+ Kxg3 74. Kb5 h1=Q 0-1

[Event "Live Chess"]
[Site "Chess.com"]
[Date "2023.05.20"]
[Round "-"]
[White "ViktorTheCoolBoy"]
[Black "Goblinbasher"]
[Result "1-0"]
[WhiteElo "2502"]
[BlackElo "1217"]
[TimeControl "300"]
[EndTime "13:20:28 PDT"]
[Termination "ViktorTheCoolBoy won by resignation"]

1. d4 f5 2. c4 Nf6 3. Nc3 e6 4. f3 Bb4 5. e3 Bxc3+ 6. bxc3 O-O 7. Bd3 d6 8. Ne2 Qe8 9. O-O b6 10. Ng3 Nbd7 11. a4 a5 12. e4 f4 13. Bxf4 Nh5 14. Nxh5 Qxh5 15. Bg3 Nf6 16. f4 Qxd1 17. Raxd1 Ng4 18.
Rde1 Bb7 19. h3 Nf6 20. d5 exd5 21. cxd5 Rae8 22. c4 Nh5 23. Bh2 Bc8 24. g4 Nf6 25. e5 Nd7 26. e6 Nf6 27. f5 Re7 28. Bg3 g5 29. fxg6 hxg6 30. Bxg6 Kg7 31. Bf5 Rh8 32. Kg2 Rh6 33. g5 1-0

[Event "Live Chess"]
[Site "Chess.com"]
[Date "2023.05.20"]
[Round "-"]
[White "blunderabit"]
[Black "Horseymobile"]
[Result "0-1"]
[WhiteElo "1856"]
[BlackElo "1232"]
[TimeControl "300"]
[EndTime "13:20:32 PDT"]
[Termination "Horseymobile won on time"]

1. Nf3 d5 2. b3 c5 3. e3 Nc6 4. Bb2 Nf6 5. Bb5 e6 6. O-O Bd6 7. d4 O-O 8. a3 a6 9. Bd3 Ne4 10. c4 f5 11. Ne5 Qc7 12. f4 Rf6 13. Nd2 Rh6 14. Ndf3 Bd7 15. Rc1 Nxe5 16. dxe5 Be7 17.
cxd5 exd5 18. Rc2 Qb6 19. Re2 d4 20. exd4 cxd4 21. b4 Nc3 22. Kh1 Nxd1 23. Rxd1 Rc8 24. Bxd4 Qc6 25. h3 Qa4 26. Rde1 Rhc6 27. e6 Be8 28.
Ne5 Rc1 29. Be3 Rxe1+ 30. Rxe1 Qxa3 31. Bxf5 Bxb4 32. Re2 Qa1+ 33. Kh2 Be1 34. Nd7 Bxd7 0-1

[Event "Live Chess"]
[Site "Chess.com"]
[Date "2023.05.20"]
[Round "-"]
[White "Shepherds_Pie"]
[Black "profpirate4"]
[Result "1-0"]
[WhiteElo "1906"]
[BlackElo "1066"]
[TimeControl "300"]
[EndTime "13:20:33 PDT"]
[Termination "Shepherds_Pie won on time"]

1. c4 f5 2. Nc3 e6 3. e4 fxe4 4. d3 exd3 5. Bxd3 Nf6 6. Qc2 Nc6 7. a3 d6 8. Nge2 Bd7 9. Bg5 Be7 10. Bxf6 Bxf6 11. Bxh7 Ne5 12. Bg6+ Nxg6 13. Qxg6+ Kf8 14. O-O Be8 15. Qd3 Be5 16. Ng3 Bc6 17. b4 Qf6 18. Nce4 Qh6 19. h3 Ke7 20. Rad1 Raf8 21. b5 Bxe4 22. Qxe4 Rf4 23. Qxb7 Kd7 24. Qc6+ Ke7 25.
Qxc7+ Kf6 26. Qc6 Rg4 27. Qf3+ Rf4 28. Qe3 Qh4 29. c5 d5 30. Rde1 Qg5 31. c6 Rxh3 32.
gxh3 Re4 33. Qf3+ 1-0